 Dungeon Crawl Stone Soup version 0.31-a0-743-g45f7035092 (webtiles) character file.

Game seed: 15179274584798441244

6659 cforsyth the Fighter (level 11, -1/80 HPs)
             Began as a Djinni Chaos Knight on Sept 13, 2023.
             Was a Believer of Hepliaklqana.
             Killed from afar by an acid dragon (8 damage)
             ... with a splash of acid
             ... on level 11 of the Dungeon.
             The game lasted 00:22:02 (14223 turns).

cforsyth the Fighter (Djinni Chaos Knight)         Turns: 14223, Time: 00:22:03

Health: -1/80      AC: 10    Str: 11    XL:     11   Next: 22%
Gold:   184        EV: 26    Int: 17    God:    Hepliaklqana [**....] SH:  0 Dex: 12

rFire   + + .        y - +2 spear (flame)
rCold   x . .        (no shield)
rNeg    . . .        b - +2 leather armour
rPois   ∞            E - +0 helmet
rElec   .            B - +2 cloak
rCorr   .            F - +0 pair of gloves
SInv    .            (boots unavailable)
Will    +....        c - amulet of the acrobat
Stlth   +            (no ring)
HPRegen 0.33/turn    (no ring)
MPRegen 0.00/turn

%: random rage (3%), acrobat, infuse magic (-2 HP)
@: marked, acrobatic, flying
A: reduced essence, sickness immunity, fire resistance 2, cold vulnerability 1,
float, innate caster, HP casting, extra vitality 1, berserk 1, dopey 1,
inability to drink after injury 1
a: Renounce Religion, Recall Ancestor, Ancestor Identity


You were on level 11 of the Dungeon.
You worshipped Hepliaklqana.
Hepliaklqana was pleased with you.
You visited 2 branches of the dungeon, and saw 12 of its levels.

You collected 431 gold pieces.
You spent 247 gold pieces at shops.

Inventory:

Hand Weapons
 a - a +0 falchion of chaos
 d - a +2 dagger of protection
 y - a +2 spear of flaming (weapon)
Armour
 b - a +2 leather armour (worn)
 B - a +2 cloak (worn)
 E - a +0 helmet (worn)
 F - a +0 pair of gloves (worn)
Jewellery
 c - an amulet of the acrobat (around neck)
 k - a +5 ring of evasion
Wands
 o - a wand of polymorph (7)
 w - a wand of flame (25)
 x - a wand of quicksilver (2)
 D - a wand of charming (4)
Scrolls
 f - 3 scrolls of fog
 h - 2 scrolls of revelation
 i - 3 scrolls of enchant armour {unknown}
 m - 4 scrolls of enchant weapon
 n - 3 scrolls of poison {unknown}
 q - a scroll of blinking {unknown}
 t - 3 scrolls of immolation {unknown}
 u - 3 scrolls of fear {unknown}
 v - 2 scrolls of noise {unknown}
Potions
 e - 5 potions of curing
 g - a potion of mutation
 l - 2 potions of haste
 p - a potion of brilliance {unknown}
 s - a potion of invisibility {unknown}
 z - a potion of might {unknown}
 A - a potion of berserk rage


   Skills:
 + Level 12.0 Fighting
 - Level 2.6 Long Blades
 - Level 1.0 Armour
 - Level 2.1 Dodging
 + Level 8.7 Spellcasting
 + Level 8.7 Conjurations
 + Level 8.7 Hexes
   Level 0.0 Charms
 + Level 8.7 Summonings
 + Level 8.7 Necromancy
 + Level 8.7 Translocations
 + Level 8.7 Transmutations
 + Level 8.7 Fire Magic
 + Level 8.7 Ice Magic
 + Level 8.7 Air Magic
 + Level 8.7 Earth Magic
 + Level 8.7 Poison Magic


You knew the following spells:

 Your Spells              Type           Power      Damage    Failure   Level
a - Slow                  Hex            100%       N/A       1%          1
b - Call Imp              Summ           74%        N/A       1%          2
c - Wereblood             Tmut           37%        N/A       1%          2
d - Animate Armour        Summ/Erth      74%        N/A       3%          4
e - Airstrike             Air            18%        2d(3-19)  3%          4
Your spell library was empty.

Dungeon Overview and Level Annotations

Branches:
Dungeon (11/15)            Temple (1/1) D:7            Lair (0/5) D:10
    Orc (0/2) D:10

Altars:
Ashenzari
Cheibriados
Dithmenos
Elyvilon
Fedhas
Gozag
Hepliaklqana
Makhleb
Nemelex Xobeh
Okawaru
Qazlal
Ru
Trog
Uskayaw
Wu Jian
Xom
Yredelemnul
Zin
The Shining One

Shops:
D:9 *

Portals:
Ice
Cave: D:11


Innate Abilities, Weirdness & Mutations

Your life essence is reduced to manifest your ancestor. (-10% HP)
You are immune to sickness and miasma.
You are immune to poison.
Your flesh is very heat resistant. (rF++)
You are vulnerable to cold. (rC-)
You float through the air rather than walking.
You learn spells naturally, not from books.
Your magical power is your life essence.
You have superior vitality. (+4 MHP)
You sometimes lose your temper in combat.
You are dopey. (Int -2)
You occasionally lose the ability to drink potions when taking damage.


Message History

Okay, then.
A kobold brigand comes into view.
It is wielding a +0 short sword and quivering curare-tipped darts.
The kobold brigand throws a curare-tipped dart.
The curare-tipped dart hits your cyclops.
Your cyclops is poisoned.
Your cyclops convulses.
Your cyclops seems to slow down.
Your cyclops hits the kobold brigand!!
The kobold brigand dies!
You feel your intelligence returning.
Your Fighting skill increases to level 12!
The kobold closely misses you.
You closely miss the kobold. The kobold closely misses you.
A kobold comes into view.
It is wielding a +0 short sword of speed and wearing a +1 robe of willpower.
You closely miss the kobold.
The kobold hits you but does no damage. x2
You hit the kobold. You burn the kobold.
You kill the kobold!
The vampire mosquito bites you!
* * * LOW HITPOINT WARNING * * *
The kobold barely misses you.
The vampire mosquito closely misses you. x2
The vampire mosquito bites you but does no damage.
The vampire mosquito attacks as it pursues you!
The vampire mosquito bites you but does no damage.
The vampire mosquito bites you!
* * * LOW HITPOINT WARNING * * *
The vampire mosquito attacks as it pursues you!
The vampire mosquito closely misses you.
The vampire mosquito misses you. The vampire mosquito bites you.
* * * LOW HITPOINT WARNING * * *
The vampire mosquito attacks as it pursues you!
The vampire mosquito closely misses you.
You hear the faint crackling of a melting archway very nearby.
The kobold completely misses you.
Your cyclops hits the vampire mosquito!!
The vampire mosquito is destroyed!
An acid dragon comes into view.
The acid dragon spits acid at you. The splash of acid hits you!
You die...
Xom roars with laughter!

#####*......,,,,,*
#...##..:...,,,,,*
#....#......,,,,,****
###.....#.....,*,,,,**,
#.............,**,,,**,
#....y.)......,**,,,,*,
#....#K.......,***,,,**
#....yK†C.....,,,,,,,**
##.....@$......,,,,,,,**
#..............,,,,,,,*,
#..........)..D,,,,,,,,,
#...........OY.,,,,,,,,,
##...........#.,,,,,,,,,
##.........#.#,,,,,,,,,
**##.......#.∩.*,,,,,,,,
*,,.........#.#,,,,,,,,,
*,...........#.,,,,,,,,,


You could see a death yak, a two-headed ogre, an acid dragon (catching breath),
2 vampire mosquitoes, 2 kobolds and a friendly cyclops (charmed, unaware,
poisoned, slow).

Vanquished Creatures
  Grinder (D:4)
  A hornet (D:8)
  2 yaks (D:10)
  A steam dragon (D:9)
  2 water moccasins
  A black bear (D:5)
  2 ice beasts (D:4)
  An ogre (D:4)
  A tengu (D:2)
  2 centaurs
  A kobold brigand (D:9)
  A nameless horror (D:6)
  2 bullfrogs
  2 scorpions
  3 killer bees (D:5)
  A howler monkey (D:6)
  An orc priest (D:6)
  2 hounds
  3 iguanas
  3 orc wizards
  A gnoll (D:8)
  5 adders
  A river rat (D:10)
  2 white imps (D:5)
  4 worms (D:2)
  A dart slug (D:1)
  22 orcs
  7 ball pythons
  8 bats
  5 endoplasms
  3 giant cockroaches
  9 goblins
  3 hobgoblins
  12 jackals
  2 quokkas
  8 frilled lizards
  9 kobolds
  6 rats
141 creatures vanquished.

Vanquished Creatures (collateral kills)
  Pikel (D:4)
  A merfolk (D:9)
  A hornet (D:9)
  A wyvern (D:9)
  4 yaks (D:10)
  5 vampire mosquitoes
  2 orc warriors
  A sky beast (D:7)
  A black bear (D:6)
  An ice beast (D:6)
  An ogre (D:5)
  2 lemures (D:4)
  3 centaurs
  A phantom (D:7)
  A kobold brigand (D:11)
  2 bullfrogs
  A gnoll sergeant (D:10)
  2 scorpions (D:6)
  4 wights (D:9)
  5 killer bees
  2 jellies
  An orc priest (D:6)
  A gnoll bouda (D:8)
  3 iguanas
  A sleepcap (D:4)
  3 orc wizards
  8 gnolls
  An adder (D:6)
  2 shadow imps
  A white imp (D:5)
  A dart slug (D:1)
  7 orcs
  A quokka (D:10)
  2 kobolds (D:9)
74 creatures vanquished.

Vanquished Creatures (others)
  An ancestor (D:9)
  A knight (D:10)
2 creatures vanquished.

Grand Total: 217 creatures vanquished

Notes
Turn   | Place    | Note
-------+----------+-------------------------------------------
     0 | D:1      | cforsyth the Djinni Chaos Knight began the quest for the
                  | Orb.
     0 | D:1      | Reached XP level 1. HP: 20/20 MP: 0/0
    98 | D:1      | Reached XP level 2. HP: 25/25 MP: 0/0
   227 | D:1      | XOM: silly message
   341 | D:1      | Reached skill level 1 in Spellcasting
   341 | D:1      | Reached skill level 1 in Conjurations
   341 | D:1      | Reached skill level 1 in Hexes
   341 | D:1      | Reached skill level 1 in Summonings
   341 | D:1      | Reached skill level 1 in Necromancy
   341 | D:1      | Reached skill level 1 in Translocations
   341 | D:1      | Reached skill level 1 in Transmutations
   341 | D:1      | Reached skill level 1 in Fire Magic
   341 | D:1      | Reached skill level 1 in Ice Magic
   341 | D:1      | Reached skill level 1 in Air Magic
   341 | D:1      | Reached skill level 1 in Earth Magic
   341 | D:1      | Reached skill level 1 in Poison Magic
   387 | D:1      | XOM: silly message
   402 | D:1      | Reached XP level 3. HP: 30/30 MP: 0/0
   402 | D:1      | Learned a level 1 spell: Slow
   742 | D:1      | XOM: silly message
   897 | D:2      | XOM: silly message
   939 | D:2      | XOM: snakes to sticks
  1153 | D:2      | a worm changed into a tengu
  1153 | D:2      | Noticed a tengu
  1153 | D:2      | XOM: polymorph worm -> tengu
  1158 | D:2      | XOM: silly message
  1163 | D:2      | XOM: butterfly on damage
  1557 | D:2      | Reached XP level 4. HP: 25/37 MP: 0/0
  1758 | D:2      | Killed a tengu
  1759 | D:2      | Reached skill level 4 in Fighting
  1759 | D:2      | Reached XP level 5. HP: 30/42 MP: 0/0
  1759 | D:2      | Learned a level 2 spell: Call Imp
  2231 | D:3      | Reached XP level 6. HP: 48/49 MP: 0/0
  2265 | D:3      | XOM: scenery: create altars
  2662 | D:3      | XOM: god gift: 4 stones
  2787 | D:3      | Reached skill level 5 in Fighting
  3080 | D:4      | XOM: give mutations
  3080 | D:4      | Gained mutation: You occasionally lose the ability to read
                  | scrolls when taking damage. [Xom's mischief]
  3080 | D:4      | Gained mutation: You possess an exceptional clarity of
                  | mind. [Xom's mischief]
  3124 | D:4      | Noticed an ogre
  3194 | D:4      | Killed an ogre
  3195 | D:4      | Reached XP level 7. HP: 53/54 MP: 0/0
  3195 | D:4      | Learned a level 2 spell: Wereblood
  3300 | D:4      | Identified the +0 leather armour of Xenu {Rampage rPois rF-
                  | rCorr}
  3308 | D:4      | Noticed Grinder
  3336 | D:4      | XOM: divination: detect creatures
  3339 | D:4      | XOM: enchant monster (good)
  3353 | D:4      | XOM: give mutation
  3353 | D:4      | Gained mutation: You are dopey. (Int -2) [Xom's mischief]
  3508 | D:4      | Paralysed by Grinder for 3 turns
  3513 | D:4      | Paralysed by Grinder for 4 turns
  3530 | D:4      | Killed Grinder
  3531 | D:4      | Reached skill level 6 in Fighting
  3714 | D:4      | Found a stormy altar of Qazlal.
  3820 | D:5      | Entered Level 5 of the Dungeon
  3822 | D:5      | XOM: summons 1 hostile demon
  3866 | D:4      | XOM: chaos cloud
  3871 | D:4      | Paralysed by you for 4 turns
  3881 | D:4      | Reached XP level 8. HP: 18/62 MP: 0/0
  4137 | D:5      | Found a snail-covered altar of Cheibriados.
  4158 | D:5      | XOM: scenery: summon butterflies
  4159 | D:5      | XOM: butterfly on damage
  4203 | D:5      | XOM: cloud trail
  4345 | D:5      | Reached skill level 7 in Fighting
  4795 | D:5      | XOM: silly message
  4852 | D:5      | XOM: silly message
  4862 | D:5      | XOM: silly message
  4869 | D:5      | XOM: cast spell 'Olgreb's Toxic Radiance'
  4893 | D:5      | Reached skill level 5 in Spellcasting
  4893 | D:5      | Reached skill level 5 in Conjurations
  4893 | D:5      | Reached skill level 5 in Hexes
  4893 | D:5      | Reached skill level 5 in Summonings
  4893 | D:5      | Reached skill level 5 in Necromancy
  4893 | D:5      | Reached skill level 5 in Translocations
  4893 | D:5      | Reached skill level 5 in Transmutations
  4893 | D:5      | Reached skill level 5 in Fire Magic
  4893 | D:5      | Reached skill level 5 in Ice Magic
  4893 | D:5      | Reached skill level 5 in Air Magic
  4893 | D:5      | Reached skill level 5 in Earth Magic
  4893 | D:5      | Reached skill level 5 in Poison Magic
  4912 | D:5      | XOM: silly message
  5113 | D:5      | XOM: silly message
  5320 | D:4      | XOM: divination: detect creatures
  5329 | D:4      | XOM: silly message
  5334 | D:5      | XOM: silly message
  5376 | D:5      | XOM: divination: detect items
  5479 | D:4      | XOM: silly message
  5699 | D:4      | XOM: noise
  5912 | D:5      | Noticed Pikel
  5914 | D:5      | XOM: potion effect (might)
  5917 | D:5      | XOM: potion effect (brilliance)
  5931 | D:5      | HP: 3/65 [Pikel/+0 whip of electrocution (15)]
  6143 | D:4      | XOM: noise
  6167 | D:4      | XOM: cast spell 'Summon Ice Beast'
  6187 | D:4      | Killed Pikel
  6188 | D:4      | Reached skill level 8 in Fighting
  6188 | D:4      | Reached XP level 9. HP: 20/71 MP: 0/0
  6188 | D:4      | Learned a level 4 spell: Animate Armour
  6193 | D:4      | XOM: silly message
  6911 | D:6      | XOM: confuse monster(s)
  6959 | D:6      | Reached skill level 9 in Fighting
  7197 | D:6      | XOM: noise
  8186 | D:6      | XOM: scenery: 1 doors close
  8633 | D:7      | XOM: fog
  8642 | D:7      | Reached XP level 10. HP: 66/79 MP: 0/0
  8701 | D:7      | Found a broken altar of Ashenzari.
  8928 | D:7      | Reached skill level 10 in Fighting
  9167 | D:7      | Found an opulent altar of Gozag.
  9231 | D:7      | Found a staircase to the Ecumenical Temple.
  9240 | Temple   | Entered the Ecumenical Temple
  9250 | Temple   | Fell from the grace of Xom
  9250 | Temple   | Became a worshipper of Hepliaklqana the Forgotten
  9739 | D:8      | Found a shadowy altar of Dithmenos.
  9957 | D:8      | Found a basalt altar of Yredelemnul.
 10763 | D:8      | Found a glowing silver altar of Zin.
 10781 | D:8      | Reached * piety under Hepliaklqana
 11545 | D:9      | XOM: summons 1 hostile demon
 11757 | D:9      | Found a sacrificial altar of Ru.
 11773 | D:9      | Reached skill level 11 in Fighting
 11956 | D:9      | Found Pyedes's General Store.
 11965 | D:9      | Bought a +2 cloak for 247 gold pieces
 12032 | D:9      | Reached ** piety under Hepliaklqana
 12033 | D:9      | Remembered your ancestor Tertia as a knight
 12088 | D:9      | Found a hide-covered altar of Uskayaw.
 12187 | D:10     | Entered Level 10 of the Dungeon
 12217 | D:10     | XOM: 1-stop teleportation journey
 12619 | D:10     | Reached XP level 11. HP: 72/78 MP: 0/0
 12619 | D:10     | Learned a level 4 spell: Airstrike
 12653 | D:10     | Noticed a death yak
 12655 | D:10     | Noticed a death yak
 12660 | D:10     | Noticed a death yak
 12799 | D:9      | XOM: stat loss: -2 Int (15/17)
 13283 | D:9      | XOM: 1-stop teleportation journey
 13327 | D:10     | XOM: give mutations
 13327 | D:10     | Lost mutation: You are dopey. (Int -2) [Xom's mischief]
 13327 | D:10     | Gained mutation: You passively map a small area around you.
                  | [Xom's mischief]
 13327 | D:10     | Lost mutation: You possess an exceptional clarity of mind.
                  | [Xom's mischief]
 13327 | D:10     | Lost mutation: You passively map a small area around you.
                  | [Xom's mischief]
 13330 | D:10     | Found a staircase to the Orcish Mines.
 13363 | D:10     | Found a staircase to the Lair.
 13981 | D:10     | XOM: give mutations
 13981 | D:10     | Gained mutation: You occasionally lose the ability to drink
                  | potions when taking damage. [Xom's mischief]
 13981 | D:10     | Gained mutation: You sometimes lose your temper in combat.
                  | [Xom's mischief]
 13981 | D:10     | Gained mutation: You are dopey. (Int -2) [Xom's mischief]
 13981 | D:10     | Lost mutation: You occasionally lose the ability to read
                  | scrolls when taking damage. [Xom's mischief]
 14109 | D:11     | Noticed an orc knight
 14151 | D:10     | XOM: summons 1 hostile demon
 14193 | D:11     | Noticed a cyclops
 14194 | D:11     | Noticed a two-headed ogre
 14198 | D:11     | Noticed a two-headed ogre
 14200 | D:11     | HP: 2/80 [two-headed ogre/+0 giant club (4)]
 14204 | D:11     | Found a frozen archway.
 14204 | D:11     | Noticed a cyclops
 14212 | D:11     | HP: 2/80 [cyclops/large rock (28)]
 14216 | D:11     | Reached skill level 12 in Fighting
 14223 | D:11     | Killed from afar by an acid dragon

Illustrated notes

Levels and vault maps discovered:
D:1:      grunt_arrival_crossed_arrows, layout_loops_ring,
          roderic_serpentine_path, hangedman_decor_diamond_cutter, hex_tiny
D:2:      layout_basic
D:3:      layout_loops_ring, mainiacjoe_overflow_paths, palyth_stone_intersect,
          corexii_shack
D:4:      layout_basic, mainiacjoe_overflow_alcove_2, uniq_grinder
D:5:      layout_basic, lemuel_round_altar, nrook_pool_corridor, uniq_pikel
D:6:      layout_gridville
D:7:      layout_cave_pools, mainiacjoe_overflow_catwalk, minitemple,
          minmay_temple_entry_statues_pillars
D:8:      layout_loops_ring, zin_treasury, general_overflow_altar,
          grunt_dithmenos_smoke, nicolae_sif_muna_little_library
D:9:      layout_long_grid, overflow_temple_1_default, marbit_many_paths,
          serial_shops, shop, hangedman_fish_farm
D:10:     layout_long_grid, dpeg_lair_monsters, orc_0_dummy
D:11:     layout_cross, portal_ice_cave_entry_pillars_2, minmay_fountain_box,
          dk_vineyard_3
Temple:   nicolae_temple_two_arcs

Skill      XL: |  1  2  3  4  5  6  7  8  9 10 11 |
---------------+----------------------------------+-----
Spellcasting   | 1 2 3 4 5 6 8 |  8.7
Conjurations   | 1 2 3 4 5 6 8 |  8.7
Hexes          | 1 2 3 4 5 6 8 |  8.7
Summonings     | 1 2 3 4 5 6 8 |  8.7
Necromancy     | 1 2 3 4 5 6 8 |  8.7
Translocations | 1 2 3 4 5 6 8 |  8.7
Transmutations | 1 2 3 4 5 6 8 |  8.7
Fire Magic     | 1 2 3 4 5 6 8 |  8.7
Ice Magic      | 1 2 3 4 5 6 8 |  8.7
Air Magic      | 1 2 3 4 5 6 8 |  8.7
Earth Magic    | 1 2 3 4 5 6 8 |  8.7
Poison Magic   | 1 2 3 4 5 6 8 |  8.7
Fighting       | 4 5 6 8 9 11 12 | 12.0
Long Blades    | |  2.6
Armour         | |  1.0
Dodging        | |  2.1

Action                     |  1- 3 |  4- 6 |  7- 9 | 10-12 || total
---------------------------+-------+-------+-------+-------++-------
  Melee: Dagger            |   182 |   203 |   571 |   184 ||  1140
         Falchion          |    10 |       |       |       ||    10
         Punch             |     2 |     2 |     8 |     5 ||    17
         Unarmed           |       |       |    13 |       ||    13
         Spear             |       |       |       |    85 ||    85
   Cast: Slow              |     2 |     2 |     5 |       ||     9
         Call Imp          |       |     2 |    46 |    34 ||    82
         Animate Armour    |       |       |    13 |    31 ||    44
         Wereblood         |       |       |       |     1 ||     1
 Invoke: Ancestor Life: Kn |       |       |       |     1 ||     1
         Recall Ancestor   |       |       |       |     1 ||     1
  Evoke: Wand              |       |       |       |     1 ||     1
    Use: Scroll            |     1 |     6 |     1 |     6 ||    14
         Potion            |       |     2 |       |     2 ||     4
   Stab: Sleeping          |       |     1 |       |       ||     1
         Distracted        |       |       |     3 |     1 ||     4
         Paralysed         |       |       |     1 |       ||     1
         Petrified         |       |       |     1 |       ||     1
         Confused          |       |       |     1 |       ||     1
 Armour: Leather armour    |   122 |    94 |   490 |   243 ||   949
         Skin              |       |    57 |    38 |       ||    95
  Dodge: Dodged            |   129 |   127 |   431 |   254 ||   941

Table legend: (Time is in decaauts)
 A = Elapsed time spent in this place.
 B = Non-inter-level travel time spent in this place.
 C = Inter-level travel time spent in this place.
 D = Time resting spent in this place.
 E = Time spent auto-exploring this place.
 F = Levels seen in this place.
 G = Mean time per level.
                   A        B        C        D        E       F      G
               +--------+--------+--------+--------+--------+-----+--------+
         Total |  14171 |  13763 |    408 |   2785 |   8012 |  12 | 1180.9 |
       Dungeon |  14151 |  13753 |    398 |   2785 |   8012 |  11 | 1286.5 |
        Temple |     20 |     10 |     10 |      0 |      0 |   1 |   20.0 |
               +--------+--------+--------+--------+--------+-----+--------+

Top non-repeatable levels by time:
     D:4: 2092 daAuts
     D:6: 2031 daAuts
     D:9: 2016 daAuts
     D:5: 1626 daAuts
    D:10: 1284 daAuts
     D:8: 1277 daAuts
     D:3: 1035 daAuts
     D:7: 980 daAuts
     D:2: 928 daAuts
     D:1: 837 daAuts
    D:11: 39 daAuts
  Temple: 20 daAuts
